 Dungeon Crawl Stone Soup version 0.18.1-48-g4cf74bf (webtiles) character file.

128 Koolaidband the Ruffian (level 5, 0/46 HPs)
             Began as a Ghoul Monk on Aug 16, 2016.
             Slain by an orc priest
             ... wielding a +0 club
              (5 damage)
             ... on level 3 of the Dungeon.
             The game lasted 00:10:29 (1494 turns).

Koolaidband the Ruffian (Ghoul Monk)                Turns: 1494, Time: 00:10:29

Health: 0/46       AC:  6    Str: 16    XL:     5   Next: 11%
Magic:  4/4        EV: 13    Int:  5    God:
Gold:   74         SH:  0    Dex: 11    Spells: 0 memorised, 4 levels left

rFire  . . .     SeeInvis .       - Unarmed
rCold  + . .     Gourm    .     a - +0 robe
rNeg   + + +     Faith    .     (no shield)
rPois  ∞         Spirit   .     i - +0 helmet
rElec  .         Dismiss  .     e - +0 cloak
rCorr  .         Reflect  .     s - +0 pair of gloves
SustAt .         Harm     .     c - +0 pair of boots
MR     .....                    (no amulet)
Stlth  ++........               n - ring of poison resistance
                                g - ring of wizardry

@: rotting, not resistant to hostile enchantments, unstealthy
A: rotting body, claws 1, carnivore 3, cold resistance 1, negative energy
resistance 3, slow regeneration 1, torment resistance, unbreathing
a: no special abilities


You were on level 3 of the Dungeon.
You were not hungry.

You visited 1 branch of the dungeon, and saw 3 of its levels.

You collected 74 gold pieces.

Inventory:

Armour
 a - a +0 robe (worn)
 c - a +0 pair of boots (worn)
 e - a +0 cloak (worn)
 i - a +0 helmet (worn)
 s - a +0 pair of gloves (worn)
Jewellery
 g - a ring of wizardry (left hand)
 n - a ring of poison resistance (right hand)
Scrolls
 j - a scroll of fear {unknown}
 o - a scroll of identify
 p - 2 scrolls of recharging {unknown}
 r - a scroll of teleportation {unknown}
 u - a scroll of enchant armour {unknown}
Potions
 d - a potion of brilliance {unknown}
 f - a potion of curing
 h - a potion of cure mutation
 k - a potion of agility {unknown}
 l - a potion of lignification {unknown}
 q - a potion of heal wounds {unknown}
 t - a potion of flight {unknown}


   Skills:
 + Level 4.1 Fighting
 + Level 3.8 Dodging
 + Level 2.8 Stealth
 + Level 5.2 Unarmed Combat


You had 4 spell levels left.
You didn't know any spells.

Dungeon Overview and Level Annotations

Branches:
Dungeon (3/15)

Altars:


Innate Abilities, Weirdness & Mutations

Your body is rotting away.
You thrive on raw meat.
You are immune to poison.
You have sharp fingernails.
You are carnivorous and can eat meat at any time.
Your flesh is cold resistant.
You are immune to negative energy.
You regenerate slowly when monsters are visible.
You are immune to unholy pain and torment.
You can survive without breathing.


Message History

The orc priest barely misses you.
You closely miss the orc wizard.
You punch the orc wizard, but do no damage.
The orc wizard casts a cantrip, but nothing happens.
The orc wizard barely misses you.
Unknown command.
You hit the orc wizard.
The orc wizard is moderately wounded.
The orc priest calls down the wrath of Beogh upon you.
You are unaffected.
The orc wizard casts a cantrip, but nothing happens.
You punch the orc wizard!
You kill the orc wizard!
You have reached level 5!
You feel stronger.
The orc priest looks braver for a moment.
You hit the orc priest.
The orc priest is moderately wounded.
The orc priest hits you with a club.
You die...

.# ###..#.##.## .#
#..).....# .#
###.###..# .####
#o# #..# ....#
#.###..# .####
#.o##..# .#.#####
##.##..# .......#
#..#..# .#.###.#
####.#@.# ##(....#
#..o.o).# ##.....#
#.##...## ....####
#......#
#...#########....#
##........().....##
....##<######.....#
####.#.##.....#..##
.......##.#####<.#


You could see 2 orc priests.

Vanquished Creatures
  2 orc wizards (D:3)
  An adder (D:2)
  An ooze (D:3)
  2 worms (D:2)
  A dart slug (D:2)
  An orc (D:3)
  4 giant cockroaches
  4 goblins
  4 hobgoblins
  6 jackals
  A quokka (D:2)
  7 bats
  3 giant newts
  8 kobolds
  4 rats
49 creatures vanquished.

Notes
Turn   | Place    | Note
--------------------------------------------------------------
     0 | D:1      | Koolaidband the Ghoul Monk began the quest for the Orb.
     0 | D:1      | Reached XP level 1. HP: 19/19 MP: 0/0
   100 | D:1      | Reached XP level 2. HP: 24/26 MP: 1/1
   635 | D:2      | Reached XP level 3. HP: 31/31 MP: 2/2
  1287 | D:3      | Reached skill level 5 in Unarmed Combat
  1297 | D:3      | Reached XP level 4. HP: 40/40 MP: 3/3
  1493 | D:3      | Reached XP level 5. HP: 5/46 MP: 4/4
  1494 | D:3      | Slain by an orc priest

Skill      XL: |  1  2  3  4 |
---------------+-------------+-----
Dodging        | 3 |  3.8
Unarmed Combat | 5 |  5.2
Fighting       | 4 |  4.1
Stealth        | |  2.8

Action                   |  1- 3 |  4- 6 || total
-------------------------+-------+-------++-------
Melee: Unarmed           |   115 |    51 ||   166
       Punch             |     2 |     1 ||     3
  Use: Potion            |     1 |       ||     1
       Scroll            |     1 |       ||     1
 Stab: Sleeping          |     3 |       ||     3
  Eat: Chunk             |     9 |     3 ||    12
       Meat ration       |       |     1 ||     1
Armor: Robe              |    41 |    26 ||    67
Dodge: Dodged            |    89 |    25 ||   114
